 Dungeon Crawl Stone Soup version 0.29.1-1-gd02db6906a (webtiles) character file.

Game seed: 6051133527965436409

49 Linkola the Vexing (level 3, -1/20 HPs)
             Began as a Deep Elf Arcane Marksman on Sept 23, 2022.
             Engulfed by a cloud of poison gas (8 damage)
             ... on level 2 of the Dungeon.
             The game lasted 00:04:15 (1228 turns).

Linkola the Vexing (Deep Elf Arcane Marksman)       Turns: 1228, Time: 00:04:16

Health: -1/20      AC:  2    Str:  7    XL:     3   Next: 53%
Magic:  8/8        EV: 12    Int: 19    God:
Gold:   86         SH:  0    Dex: 15    Spells: 5/6 levels left

rFire   . . .      SeeInvis .   a - +1 sling
rCold   . . .      Faith    .   (no shield)
rNeg    . . .      Spirit   .   c - +0 robe
rPois   .          Reflect  .   (no helmet)
rElec   .          Harm     .   (no cloak)
rCorr   .          Rampage  .   (no gloves)
Will    .....                   (no boots)
Stlth   ++........              (no amulet)
HPRegen 0.06/turn               (no ring)
MPRegen 0.11/turn               (no ring)

@: lethally poisoned (-1 -> -14)
A: no striking features
a: no special abilities


You were on level 2 of the Dungeon.
You visited 1 branch of the dungeon, and saw 2 of its levels.

You collected 86 gold pieces.

Inventory:

Hand Weapons
 a - a +1 sling (weapon)
Missiles
 j - 5 javelins (quivered)
Armour
 c - a +0 robe (worn)
Scrolls
 e - a scroll of magic mapping {unknown}
 i - a scroll of identify {unknown}
 l - a scroll of brand weapon {unknown}
Potions
 d - 3 potions of haste {unknown}
 f - 2 potions of berserk rage {unknown}
 g - a potion of cancellation {unknown}
 h - a potion of magic {unknown}
 k - a potion of brilliance {unknown}


   Skills:
 + Level 1.4 Fighting
 + Level 3.2 Ranged Weapons
 + Level 2.5 Dodging
 + Level 1.1 Stealth
 + Level 2.0 Spellcasting
 + Level 4.9 Hexes


You had 5 spell levels left.
You knew the following spells:

 Your Spells              Type           Power      Damage    Failure   Level
a - Slow                  Hex            80%        N/A       2%          1

Your spell library contained the following spells:

 Spells                   Type           Power      Damage    Failure   Level
 Shock                    Conj/Air       4%         1d3       17%         1
 Inner Flame              Hex/Fire       11%        N/A       19%         3
 Portal Projectile        Hex/Tloc       22%        N/A       19%         3
 Cause Fear               Hex            10%        N/A       22%         4
 Swiftness                Air            1%         N/A       45%         3
 Airstrike                Air            0%         2d(1-17)  86%         4


Dungeon Overview and Level Annotations

Branches:
Dungeon (2/15)

Altars:


Message History

The sling bullet barely misses the giant cockroach.
The ball python hisses angrily.
A hobgoblin comes into view.
You shoot a sling bullet.
The sling bullet hits the giant cockroach.
You kill the giant cockroach!
A quokka comes into view.
The adder barely misses you.
You shoot a sling bullet.
The sling bullet barely misses the adder.
The adder bites you but does no damage. The adder closely misses you.
You shoot a sling bullet. The sling bullet hits the adder!
The adder is severely wounded.
The adder bites you.
The ball python bites you but does no damage.
The ball python closely misses you. The adder closely misses you.
You shoot a sling bullet.
The sling bullet closely misses the adder.
The ball python barely misses you. The ball python grabs you.
The ball python constricts you. The adder barely misses you.
You shoot a sling bullet.
The sling bullet barely misses the ball python.
The adder barely misses you. The ball python bites you.
The ball python constricts you. The adder bites you. The ball python bites you.
The ball python constricts you.
You shoot a sling bullet. The sling bullet hits the ball python!
You kill the ball python!
The adder bites you. The hobgoblin hits you.
You are too injured to fight recklessly!
You are too injured to fight recklessly!
You are too injured to fight recklessly!
Really read the scroll of poison?
The air fills with toxic fumes!
As you read the scroll of poison, it crumbles to dust.
The adder misses you. The adder barely misses you.
The hobgoblin barely misses you.
Really walk into that cloud of poison gas?
You are engulfed in poison gas.
You are lethally poisoned!
You die...

#....# #.###..#...#~#########)#
##.#.###.##~~~#..~............#
#.#....§§§§§§§§§♣§§§§#########
#.#####§§§§§§§§§§§§§§§.†....#
##......§§§§§§§§§§§§§§§#####.#
..........§§§§§§§§§§§§§#<..#.#
##........#§§§§§§§§§§§§###.#.#
..######.##.#§§§§§§§♣§§....#.#
#......#.##~##§§@§§§§§§.##.#.#
#..###.#.#####§.#.♣.#...####.#
#..# #.# #gS#####.....)..# #..#
#.# #§§r§ #..####### #..# #.#
#§§§§§ #.. #..# #.# #§§§§§§ #..
#..# #.# #§§§§§§§#..
#§§§§§§§#.. #§§§§§§§#..


You could see an adder, a quokka and a hobgoblin.

Vanquished Creatures
  2 adders (D:2)
  2 dart slugs
  An endoplasm (D:1)
  2 giant cockroaches (D:2)
  4 goblins (D:1)
  6 hobgoblins
  2 ball pythons
  4 bats
  A frilled lizard (D:1)
  A kobold (D:2)
  3 rats (D:1)
28 creatures vanquished.

Notes
Turn   | Place    | Note
-------+----------+-------------------------------------------
     0 | D:1      | Linkola the Deep Elf Arcane Marksman began the quest for
                  | the Orb.
     0 | D:1      | Reached XP level 1. HP: 11/11 MP: 5/5
   270 | D:1      | Reached XP level 2. HP: 16/16 MP: 4/6
   927 | D:2      | Reached skill level 1 in Fighting
   927 | D:2      | Reached skill level 1 in Stealth
   927 | D:2      | Reached XP level 3. HP: 18/20 MP: 7/7
  1071 | D:2      | Found a faded altar of an unknown god.
  1228 | D:2      | Engulfed by a cloud of poison gas

Illustrated notes

Levels and vault maps discovered:
D:1:      dpeg_arrival_houses_and_road, layout_loops_cross
D:2:      layout_basic, ebering_ecumenical_altar_webs,
          chequers_serial_rivers_marsh

Skill      XL: |  1  2  3 |
---------------+----------+-----
Ranged Weapons | 3 |  3.2
Fighting       | 1 |  1.4
Stealth        | 1 |  1.1
Spellcasting   | 2 |  2.0
Dodging        | |  2.5
Hexes          | |  4.9

Action                   || total
-------------------------++-------
 Fire: Sling             ||    76
Throw: Javelin           ||     1
 Cast: Slow              ||    17
  Use: Scroll            ||     2
Armor: Robe              ||     4
Dodge: Dodged            ||    26
